 Dungeon Sprint DCSS version 0.31-a0-844-gdc52ec4e09 (webtiles) character file.

Game seed: 13603049535699372824

57 sircluck the Ruffian (level 3, -3/39 HPs)
             Began as a Troll Berserker on Sept 28, 2023.
             Was a Believer of Trog.
             Slain by an efreet
             ... wielding a +3 scimitar of flaming
              (16 damage)
             ... in the Dungeon (Sprint VII: "The Pits").
             The game lasted 00:00:15 (44 turns).

sircluck the Ruffian (Troll Berserker)                Turns: 44, Time: 00:00:16

Health: -3/39      AC:  4    Str: 27    XL:     3   Next: 73%
Magic:  2/2        EV: 10    Int:  3    God:    Trog [**....]
Gold:   0          SH:  0    Dex:  9    Spells: 2/2 levels left

rFire   . .          .
                       - Unarmed
rCold   . . .        (no shield)
rNeg    . . .        a - +0 animal skin
rPois   .            (helmet restricted)
rElec   .            (no cloak)
rCorr   .            (gloves unavailable)
SInv    .            (boots unavailable)
Will    .....        (no amulet)
Stlth   +            (no ring)
HPRegen 1.06/turn    (no ring)
MPRegen 0.08/turn

%: no teleportation
@: on berserk cooldown, slowed, very slow
A: large, unfitting armour, claws 3, regeneration 1, shaggy fur 1, tough skin 1
a: Renounce Religion, Berserk, Trog's Hand


You were in the Dungeon.
You worshipped Trog.
Trog was pleased with you.
You visited 1 branch

Inventory:

Armour
 a - a +0 animal skin (worn)
Scrolls
 g - a scroll of blinking
Potions
 b - a potion of curing
 c - a potion of heal wounds
 d - a potion of haste
 e - 2 potions of magic
 f - a potion of berserk rage


   Skills:
 + Level 4.3 Fighting
 + Level 4.2 Dodging
 + Level 5.1 Unarmed Combat


You had 2 spell levels left.
You didn't know any spells.
Your spell library was empty.

Dungeon Overview and Level Annotations

Branches:
Dungeon (1/1)

Altars:


Innate Abilities, Weirdness & Mutations

You are too large for most types of armour.
You have claws for hands.
Your natural rate of healing is unusually fast.
You are covered in fur. (AC +1)
You have tough skin. (AC +1)


Message History

You kill the orc priest!
Trog accepts your kill. The orc hits you but does no damage.
Your Fighting skill increases to level 4!
Your Dodging skill increases to level 4!
Your Unarmed Combat skill increases to level 5!
You have reached level 3!
Your experience leads to an increase in your attributes!
Increase (S)trength, (I)ntelligence, or (D)exterity?
You feel stronger. x3
Unknown command.
Unknown command.
Unknown command.
You mangle the orc!!
You kill the orc!
Trog accepts your kill.
You scratch the efreet but do no damage.
The efreet hits you with a +3 scimitar of flaming.
The efreet burns you.
You claw the efreet! Your claw misses the efreet.
The efreet is moderately wounded.
The efreet closely misses you.
You scratch the efreet.
The efreet is heavily wounded.
You barely miss the efreet.
The efreet is heavily wounded.
The efreet hits you with a +3 scimitar of flaming!
The efreet burns you.
You claw the efreet!
The efreet is almost dead.
You are no longer berserk.
You are exhausted.
You feel yourself slow down.
The efreet hits you with a +3 scimitar of flaming!
The efreet burns you.
You scratch the efreet.
The efreet is almost dead.
The orc closely misses you.
The efreet hits you with a +3 scimitar of flaming!
You die...

##########++##########
#................##..#
#......#..#......##..#
#...............o''..#
+..............@R°'..#
#......#..#.....)##....☼.
#................##....○○.
####'#####++##############
#.......# #.......#
#.......# #...<...#
#.......#


You could see an efreet and an orc.

Vanquished Creatures
  An orc priest (D)
  An orc wizard (D)
  2 orcs (D)
4 creatures vanquished.

Notes
Turn   | Place    | Note
-------+----------+-------------------------------------------
     0 | D        | sircluck the Troll Berserker began the quest for the Orb.
     0 | D        | Reached XP level 1. HP: 22/22 MP: 0/0
    22 | D        | Noticed an orc wizard
    23 | D        | Noticed an orc priest
    25 | D        | Noticed an efreet
    35 | D        | Killed an orc wizard
    35 | D        | Reached ** piety under Trog
    36 | D        | Reached skill level 4 in Unarmed Combat
    36 | D        | Reached XP level 2. HP: 32/32 MP: 1/1
    38 | D        | Reached skill level 5 in Unarmed Combat
    38 | D        | Reached XP level 3. HP: 39/39 MP: 2/2
    44 | D        | Slain by an efreet

Illustrated notes

Levels and vault maps discovered:
D:        pitsprint [storerooms_1, entrance_room_1, metal_vault_2, armoury_1,
          mini_pit_1, grid_room_1, main_hall_1, silver_pit, the_coven_3,
          the_vestibule_1, steel_vault_2, golden_pit, hallway_of_sentries,
          crystal_vault_6, iron_vault_4, final_vault]

Skill      XL: |  1  2 |
---------------+-------+-----
Fighting       | 3 4 |  4.3
Dodging        | 3 4 |  4.2
Unarmed Combat | 4 5 |  5.1

Action                     || total
---------------------------++-------
  Melee: Unarmed           ||    13
 Invoke: Berserk           ||     1
 Armour: Animal skin       ||     7
  Dodge: Dodged            ||     2

Table legend: (Time is in decaauts)
 A = Elapsed time spent in this place.
 B = Non-inter-level travel time spent in this place.
 C = Inter-level travel time spent in this place.
 D = Time resting spent in this place.
 E = Time spent auto-exploring this place.
 F = Levels seen in this place.
 G = Mean time per level.
                   A        B        C        D        E       F      G
               +--------+--------+--------+--------+--------+-----+--------+
         Total |     39 |     39 |      0 |      0 |      0 |   1 |   39.0 |
       Dungeon |     39 |     39 |      0 |      0 |      0 |   1 |   39.0 |
               +--------+--------+--------+--------+--------+-----+--------+

Top non-repeatable levels by time:
       D: 39 daAuts
